 Dungeon Crawl Stone Soup version 0.31-a0-187-gba352fbbf7 (webtiles) character file.

Game seed: 18071347949168791932

1302 qw the Skirmisher (level 8, -1/46 HPs)
             Began as a Deep Elf Hunter on June 22, 2023.
             Slain by an orc wizard
             ... wielding a +0 dagger
              (2 damage)
             ... on level 6 of the Dungeon.
             The game lasted 00:01:50 (4468 turns).

qw the Skirmisher (Deep Elf Hunter)                 Turns: 4468, Time: 00:01:51

Health: -1/46      AC:  7    Str: 16    XL:     8   Next: 31%
Magic:  10/10      EV: 13    Int: 15    God:
Gold:   139        SH:  0    Dex: 18    Spells: 7/7 levels left

rFire   . . .        Y - +1 shortbow
rCold   . . .        (shield currently unavailable)
rNeg    . . .        j - +0 ring mail
rPois   .            (no helmet)
rElec   .            e - +0 cloak
rCorr   .            (no gloves)
SInv    .            l - +0 pair of boots
Will    .....        (no amulet)
Stlth   +            g - +6 ring of strength
HPRegen 0.27/turn    (no ring)
MPRegen 0.12/turn

%: no passive effects
@: no status effects
A: no striking features
a: no special abilities


You were on level 6 of the Dungeon.
You visited 1 branch of the dungeon, and saw 6 of its levels.

You collected 259 gold pieces.
You spent 120 gold pieces at shops.


   Skills:
 - Level 3.4 Fighting
 + Level 12.4 Ranged Weapons
 - Level 1.0 Armour
 - Level 4.3 Dodging
 - Level 1.2 Stealth


You had 7 spell levels left.
You didn't know any spells.
Your spell library was empty.

Inventory:

Hand Weapons
 Y - a +1 shortbow (weapon)
Armour
 c - a scarf of harm
 e - a +0 cloak (worn)
 j - a +0 ring mail (worn)
 l - a +0 pair of boots (worn)
Jewellery
 g - a +6 ring of strength (left hand)
 k - a ring of fire
 o - a ring of protection from cold
 p - a ring of willpower
Scrolls
 b - 2 scrolls of identify
 n - a scroll of torment {unknown}
Potions
 a - a potion of mutation
 d - a potion of haste {unknown}
 f - a potion of cancellation {unknown}
 h - a potion of enlightenment {unknown}
 i - a potion of curing

Dungeon Overview and Level Annotations

Branches:
Dungeon (6/15)
 Temple: D:4-7

Altars:
Sif Muna
Xom

Shops:
D:1 :   D:2 (   D:3 *

Annotations:
D:3 Grinder


Message History

The arrow barely misses the orc warrior.
The orc warrior completely misses you.
You shoot an arrow.
The arrow closely misses the orc warrior.
The orc warrior barely misses you.
You shoot an arrow. The arrow hits the orc warrior.
The orc warrior is heavily wounded.
The orc warrior hits you with a +0 dire flail!!
You shoot an arrow.
The arrow closely misses the orc warrior.
You shoot an arrow.
The arrow hits the orc warrior but does no damage.
The orc warrior is heavily wounded.
The orc warrior barely misses you. The orc barely misses you.
Something hits you but does no damage.
You shoot an arrow. The arrow hits the orc warrior!
The orc warrior is severely wounded.
The orc warrior closely misses you. Something hits you but does no damage.
The orc hits you but does no damage.
You shoot an arrow.
The arrow hits the orc warrior but does no damage.
The orc warrior is severely wounded.
The orc warrior hits you but does no damage.
You shoot an arrow. The arrow hits the orc warrior.
The orc warrior is severely wounded.
Something hits you but does no damage. The orc hits you with a +0 hand axe.
The orc warrior hits you with a +0 dire flail.
You shoot an arrow.
The arrow barely misses the orc warrior.
Something hits you. The orc hits you but does no damage.
The orc warrior hits you with a +0 dire flail!
You shoot an arrow.
The arrow hits the orc warrior but does no damage.
The orc warrior is severely wounded.
Something hits you but does no damage. The orc hits you but does no damage.
The orc warrior hits you with a +0 dire flail!
You shoot an arrow. The arrow hits the orc warrior.
The orc warrior is almost dead.
Something hits you.
You die...

#..............
#......####.###
#......# #.# #
#.#.#### #.#
#.##.#.# #.#
#......# #.###
#####.##### ..#..
#.###.........#
##.#
#.....@o........#
#.#
#####..o........#
#.# #...........#
#.# #..........##
#.. #..........#
#.. #........[.#
### #.........##
#. #......... #.
#...# #.


You could see an orc warrior and an orc.

Vanquished Creatures
  Sigmund (D:2)
  Menkaure (D:6)
  Duvessa (D:5)
  An orc warrior (D:6)
  A sky beast (D:6)
  A black bear (D:6)
  A phantom (D:5)
  Blork the orc (D:5)
  A bullfrog (D:6)
  Dowan (D:5)
  2 jellies
  2 hounds
  2 sleepcaps (D:5)
  Ijyb (D:3)
  An orc wizard (D:6)
  6 adders
  A shadow imp (D:5)
  3 worms
  A dart slug (D:4)
  9 orcs
  7 ball pythons
  8 endoplasms
  3 giant cockroaches
  8 goblins
  5 hobgoblins
  4 jackals (D:5)
  9 kobolds
  2 quokkas
  6 bats
  5 frilled lizards
  5 rats
100 creatures vanquished.

Notes
Turn   | Place    | Note
-------+----------+-------------------------------------------
     0 | D:1      | qw the Deep Elf Hunter began the quest for the Orb.
     0 | D:1      | Reached XP level 1. HP: 12/12 MP: 3/3
     0 | D:1      | 0 ||| qw: Version: 0.3-a-9-g12657ce
     0 | D:1      | 0 ||| qw: Game counter: 2299
     0 | D:1      | 0 ||| qw: Always use a shield: true
     0 | D:1      | 0 ||| qw: God list: Okawaru
     0 | D:1      | 0 ||| qw: Allow faded altars: false
     0 | D:1      | 0 ||| qw: Do Orc after D:15 true
     0 | D:1      | 0 ||| qw: Do second Lair branch before Depths: true
     0 | D:1      | 0 ||| qw: Lair rune preference: random
     0 | D:1      | 0 ||| qw: Plans: Normal
     0 | D:1      | 0 ||| PLANNING D:1-11
   220 | D:1      | Reached skill level 6 in Ranged Weapons
   220 | D:1      | Reached XP level 2. HP: 12/16 MP: 4/4
   320 | D:1      | Found Qudionyxt's Book Shop.
  1063 | D:1      | 1063 ||| UPGRADING to +0 cloak.
  1068 | D:1      | 1068 ||| DROPPING scarf of shadows.
  1069 | D:1      | 1069 ||| READING 2 scrolls labelled OHOIQA BESHRY.
  1073 | D:1      | 1073 ||| READING scroll labelled DUOSAA HOSYVUD.
  1074 | D:1      | 1074 ||| DROPPING scroll of butterflies.
  1157 | D:2      | Reached XP level 3. HP: 20/20 MP: 5/5
  1239 | D:2      | Reached skill level 7 in Ranged Weapons
  1255 | D:2      | Found Oraseplacs's Antique Weapon Shoppe.
  1259 | D:2      | 1259 ||| SHOPLISTING steaming orcbow (195 gold, have 66).
  1457 | D:2      | Noticed Sigmund
  1471 | D:2      | Killed Sigmund
  1472 | D:2      | Reached skill level 9 in Ranged Weapons
  1472 | D:2      | Reached XP level 4. HP: 17/25 MP: 6/6
  1472 | D:2      | Reached XP level 5. HP: 20/29 MP: 7/7
  1879 | D:2      | 1879 ||| UPGRADING to +0 ring mail.
  1889 | D:2      | 1889 ||| DROPPING +0 leather armour.
  1890 | D:2      | 1890 ||| READING 2 scrolls labelled MIOVUKHEKEU.
  1891 | D:2      | 1891 ||| DRINKING 2 sedimented cyan potions.
  1945 | D:3      | Noticed Grinder
  1947 | D:3      | Paralysed by Grinder for 2 turns
  1959 | D:3      | Paralysed by Grinder for 3 turns
  1973 | D:3      | Paralysed by Grinder for 5 turns
  1979 | D:3      | HP: 1/29 [Grinder/nerve-wracking pain (12)]
  1980 | D:3      | 1980 ||| READING scroll of teleportation.
  1981 | D:3      | 1981 ||| DRINKING potion of heal wounds.
  2042 | D:3      | Found Serchu's Assorted Antiques.
  2047 | D:3      | 2047 ||| SHOPLISTING runed shortbow (180 gold, have 128).
  2047 | D:3      | 2047 ||| BUYING scroll labelled NUABAHI GUUHU (30 gold).
  2047 | D:3      | Bought a scroll labelled NUABAHI GUUHU for 30 gold pieces
  2047 | D:3      | 2047 ||| BUYING scroll labelled QEKUICR GAREDGH (30 gold).
  2047 | D:3      | Bought a scroll labelled QEKUICR GAREDGH for 30 gold pieces
  2047 | D:3      | 2047 ||| BUYING scroll of identify (60 gold).
  2047 | D:3      | Bought a scroll of identify for 60 gold pieces
  2160 | D:3      | Identified the +0 robe "Ocsung" {rC++ Int+2}
  2221 | D:3      | Noticed Ijyb
  2221 | D:3      | You fall into a shaft and drop 2 floors!
  2221 | D:5      | Entered Level 5 of the Dungeon
  2231 | D:5      | Noticed a phantom
  2241 | D:5      | Killed a phantom
  2242 | D:5      | Reached XP level 6. HP: 35/35 MP: 8/8
  2242 | D:5      | 2242 ||| DROPPING +0 robe "Ocsung" {rC++ Int+2}.
  2243 | D:5      | 2243 ||| READING scroll labelled NUABAHI GUUHU.
  2244 | D:5      | 2244 ||| READING scroll labelled QEKUICR GAREDGH.
  2345 | D:5      | 2345 ||| READING 3 scrolls of identify.
  2345 | D:5      | 2345 ||| IDENTIFYING viscous emerald potion
  2346 | D:5      | 2346 ||| READING 2 scrolls of identify.
  2346 | D:5      | 2346 ||| IDENTIFYING fuming red potion
  2347 | D:5      | 2347 ||| DROPPING potion of invisibility.
  2348 | D:5      | 2348 ||| DROPPING potion of attraction.
  2353 | D:5      | Found a shimmering altar of Xom.
  2354 | D:5      | 2354 ||| FLEEEEING.
  2355 | D:5      | 2355 ||| STAIRDANCE
  2395 | D:3      | Killed Ijyb
  2752 | D:3      | 2752 ||| READING scroll labelled FATRIH EFUIF.
  2753 | D:3      | 2753 ||| READING scroll labelled MEUF GOCAOGAIROFU.
  2754 | D:3      | 2754 ||| DRINKING 2 viscous blue potions.
  2877 | D:4      | Identified the +2 war axe "Bunuo" {elec, rPois}
  2907 | D:4      | Reached skill level 10 in Ranged Weapons
  3190 | D:4      | Reached skill level 3 in Dodging
  3250 | D:4      | Found a shimmering blue altar of Sif Muna.
  3379 | D:4      | 3379 ||| UPGRADING to +6 ring of strength.
  3380 | D:4      | 3380 ||| READING scroll labelled GITEFO NIUP.
  3381 | D:4      | 3381 ||| READING 2 scrolls of identify.
  3381 | D:4      | 3381 ||| IDENTIFYING puce potion
  3412 | D:5      | Noticed Duvessa
  3439 | D:5      | Killed Duvessa
  3441 | D:5      | Noticed Dowan
  3442 | D:5      | 3442 ||| FLEEEEING.
  3443 | D:5      | 3443 ||| FLEEEEING.
  3444 | D:5      | 3444 ||| FLEEEEING.
  3452 | D:5      | Killed Dowan
  3453 | D:5      | Reached XP level 7. HP: 22/40 MP: 9/9
  3535 | D:5      | Reached skill level 11 in Ranged Weapons
  3686 | D:5      | Reached skill level 1 in Armour
  3965 | D:5      | 3965 ||| UPGRADING to +0 pair of boots.
  3970 | D:5      | 3970 ||| READING scroll labelled VIHIKI JEOVUAGG.
  3994 | D:6      | Noticed Blork the orc
  4000 | D:6      | 4000 ||| STAIRDANCE
  4003 | D:5      | Killed Blork the orc
  4052 | D:6      | 4052 ||| STAIRDANCE
  4182 | D:6      | Noticed Menkaure
  4188 | D:6      | Killed Menkaure
  4211 | D:6      | HP: 9/40 [bullfrog (2)]
  4212 | D:6      | 4212 ||| READING 2 scrolls of teleportation.
  4213 | D:6      | 4213 ||| DRINKING 2 potions of heal wounds.
  4223 | D:6      | Reached skill level 12 in Ranged Weapons
  4240 | D:6      | Reached XP level 8. HP: 14/45 MP: 10/10
  4240 | D:6      | HP: 10/45 [orc wizard/magic dart (5)]
  4241 | D:6      | 4241 ||| READING scroll of teleportation.
  4242 | D:6      | 4242 ||| DRINKING potion of heal wounds.
  4347 | D:6      | Reached skill level 3 in Fighting
  4467 | D:6      | HP: 1/46 [orc warrior/+0 dire flail (12)]
  4468 | D:6      | Slain by an orc wizard

Levels and vault maps discovered:
D:1:      noname_arrival_rooms_in_the_neighbourhood, layout_basic, serial_shops,
          shop, serial_forest, infiniplex_forest_clump_small,
          infiniplex_forest_clump_long, infiniplex_forest_lined_ring,
          infiniplex_forest_lined_room_2, infiniplex_forest_corner_1,
          minmay_circled_x
D:2:      layout_loops_ring, serial_shops, shop, uniq_sigmund
D:3:      layout_basic, serial_shops, nicolae_shop_just_a_little_nook,
          uniq_grinder, uniq_ijyb
D:4:      layout_loops_ring, led_sif_pool
D:5:      layout_cave_pools, overflow_temple_1_default, uniq_duvessa
D:6:      layout_loops_cross, chequers_decorated_corner, uniq_blork_the_orc,
          uniq_edmund, uniq_menkaure

Skill      XL: |  1  2  3  4  5  6  7  8 |
---------------+-------------------------+-----
Ranged Weapons | 6 9 10 12 | 12.4
Fighting       | 2 3 |  3.4
Dodging        | 3 4 |  4.3
Armour         | 1 |  1.0
Stealth        | |  1.2

Action                     |  1- 3 |  4- 6 |  7- 9 || total
---------------------------+-------+-------+-------++-------
   Fire: Shortbow          |    94 |   188 |   166 ||   448
    Use: Scroll            |     2 |    10 |     3 ||    15
         Potion            |       |     3 |     2 ||     5
 Armour: Leather armour    |    11 |     1 |       ||    12
         Ring mail         |       |    22 |    24 ||    46
  Dodge: Dodged            |    26 |    45 |    29 ||   100

Table legend:
 A = Non-vault XP
 B = Vault XP
 C = Vault XP percentage of total XP
 D = Non-vault monster count
 E = Vault monster count
 F = Vault count percentage of total count
                 A         B        C        D         E       F
            +---------+---------+-------+---------+---------+-------
      Total |    1120 |     741 |  39.8 |      90 |      10 |  10.0
            +---------+---------+-------+---------+---------+-------
        D:1 |      25 |       7 |  21.9 |      16 |       4 |  20.0
        D:2 |      43 |     223 |  83.8 |      15 |       1 |   6.2
        D:3 |      47 |      35 |  42.7 |      17 |       1 |   5.6
        D:4 |     105 |       0 |   0.0 |      19 |       0 |   0.0
        D:5 |     317 |     307 |  49.2 |      13 |       3 |  18.8
        D:6 |     583 |     169 |  22.5 |      10 |       1 |   9.1
            +---------+---------+-------+---------+---------+-------
